 Dungeon Crawl Stone Soup version 0.28.0-53-g5a82cb258f (webtiles) character file.

Game seed: 686711011497870162

5 ChickenMitten the Conjurer (level 1, -1/16 HPs)
             Began as an Ogre Conjurer on Aug 3, 2022.
             Was a Follower of Dithmenos.
             Slain by a hobgoblin (2 damage)
             ... on level 1 of the Dungeon.
             The game lasted 00:01:28 (133 turns).

ChickenMitten the Conjurer (Ogre Conjurer)           Turns: 133, Time: 00:01:29

Health: -1/16      AC:  3    Str: 10    XL:     1   Next: 80%
Magic:  2/4        EV:  9    Int: 19    God:    Dithmenos [*.....]
Gold:   0          SH:  0    Dex:  7    Spells: 4/5 levels left

rFire   . . .      SeeInvis .   (no weapon)
rCold   . . .      Faith    .   (no shield)
rNeg    . . .      Spirit   .   a - +0 robe
rPois   .          Reflect  .   (helmet restricted)
rElec   .          Harm     .   (no cloak)
rCorr   .          Rampage  .   (gloves unavailable)
Will    .....                   (boots unavailable)
Stlth   +.........              (no amulet)
HPRegen 0.05/turn               (no ring)
MPRegen 0.09/turn               (no ring)

@: wreathed by umbra
A: large, unfitting armour, tough skin 1
a: Renounce Religion


You were on level 1 of the Dungeon.
You worshipped Dithmenos.
Dithmenos was aware of your devotion.
You visited 1 branch of the dungeon, and saw 1 of its levels.

Inventory:

Armour
 a - a +0 robe (worn)
Potions
 b - a potion of mutation {unknown}


   Skills:
 * Level 0.2 Fighting
 - Level 1.7 Dodging
 - Level 1.4 Stealth
 * Level 2.5 Spellcasting
 * Level 3.8 Conjurations


You had 4 spell levels left.
You knew the following spells:

 Your Spells              Type           Power      Damage    Failure   Level
a - Magic Dart            Conj           68%        1d6       3%          1

Your spell library contained the following spells:

 Spells                   Type           Power      Damage    Failure   Level
 Searing Ray              Conj           34%        2d5       4%          2
 Dazzling Flash           Conj/Hex       18%        N/A       22%         3
 Fulminant Prism          Conj/Hex       4%         3d6       58%         4
 Iskenderun's Mystic Bla  Conj/Tloc      9%         2d4       58%         4


Dungeon Overview and Level Annotations

Branches:
Dungeon (1/15)

Altars:
Dithmenos


Innate Abilities, Weirdness & Mutations

You are too large for most types of armour.
You have tough skin. (AC +1)


Message History

The kobold throws a stone.
The stone barely misses you.
The kobold throws a stone.
The stone barely misses you.
The kobold throws a stone.
The stone closely misses you.
The kobold throws a stone.
The stone hits you.
The kobold throws a stone.
The stone barely misses you.
The stone hits the hobgoblin but does no damage.
The kobold throws a stone.
The stone hits you but does no damage.
The kobold throws a stone.
The stone hits you.
The kobold throws a stone.
The stone barely misses you.
Casting: Magic Dart (safe; 3% risk of failure)
Confirm with . or Enter, or press ? or * to list all spells.
Aiming: Magic Dart (safe; 3% risk of failure)
Press: ? - help, Shift-Dir - straight line, f/p - hobgoblin
Aim: a hobgoblin (100% to hit)
The magic dart hits the hobgoblin.
The hobgoblin is severely wounded.
The hobgoblin hits you.
* * * LOW HITPOINT WARNING * * *
You see here a +0 ring mail.
The rat closely misses you.
Unknown command.
Found 5 gold pieces.
Found a faded altar of an unknown god.
The kobold throws a stone.
The stone hits you.
* * * LOW HITPOINT WARNING * * *
Found a gold piece.
You enter the shallow water.
Moving in this stuff is going to be slow.
The rat barely misses you.
A kobold comes into view. It is wielding a +0 whip.
There is a faded altar of an unknown god here.
You see here a gold piece.
You cannot tell which god this altar belongs to.
Convert to them anyway?
Dithmenos accepts your prayer! Dithmenos welcomes you!
You are shrouded in an aura of darkness!
Okay, then.
You hit the rat.
The rat is heavily wounded.
The hobgoblin hits you.
You die...

.. #.# ########K ..
......... .#+#+###.#
#.......#
.###........####.......#
.......................#
.$.......#...K$$.....#
...........Kr@$.....#
#.......#..gā‰ˆā‰ˆ.....#


+:ā€ .....'..........# #####.......#.########## #.........#.#.# #.###.#[..#.#.#
....#K#.....#.# #.....#[.####.########### ......'..# #.#P#P#P#P#.### You could
see a hobgoblin, 3 kobolds and a rat.

Vanquished Creatures
  2 hobgoblins (D:1)
  2 quokkas (D:1)
4 creatures vanquished.

Vanquished Creatures (others)
  2 plants (D:1)
2 creatures vanquished.

Grand Total: 6 creatures vanquished

Notes
Turn   | Place    | Note
-------+----------+-------------------------------------------
     0 | D:1      | ChickenMitten the Ogre Conjurer began the quest for the
                  | Orb.
     0 | D:1      | Reached XP level 1. HP: 16/16 MP: 3/3
   126 | D:1      | Found a faded altar of an unknown god.
   132 | D:1      | Prayed at the altar of an unknown god.
   132 | D:1      | Became a worshipper of Dithmenos the Shadowed
   132 | D:1      | Reached * piety under Dithmenos
   133 | D:1      | Slain by a hobgoblin

Illustrated notes

Levels and vault maps discovered:
D:1:      minmay_arrival_plants_in_alcoves, layout_basic,
          hellmonk_ecumenical_altar_pennies_from_heaven, minmay_statues_item

Action                   || total
-------------------------++-------
Melee: Unarmed           ||     8
 Cast: Magic Dart        ||     9
Armor: Robe              ||     8
Dodge: Dodged            ||    18
